 Dungeon Crawl Stone Soup version 0.25-a0-822-g6581751b11 (webtiles) character file.

Game seed: 10560389341162129593, levelgen mode: deterministic

171 kae the Gusty (level 5, 0/42 HPs)
             Began as a Tengu Air Elementalist on Apr 20, 2020.
             Killed from afar by an orc wizard (6 damage)
             ... with a magic dart
             ... on level 3 of the Dungeon.
             The game lasted 00:02:39 (2849 turns).

kae the Gusty (Tengu Air Elementalist)              Turns: 2849, Time: 00:02:40

Health: 0/42       AC:  3    Str: 10    XL:     5   Next: 51%
Magic:  10/10      EV: 12    Int: 17    God:
Gold:   151        SH:  0    Dex: 14    Spells: 2/10 levels left

rFire    . . .     SeeInvis .   j - +0 mace
rCold    . . .     Gourm    .   (no shield)
rNeg     . . .     Faith    .   a - +1 robe
rPois    .         Spirit   .   (helmet restricted)
rElec    .         Reflect  .   (no cloak)
rCorr    .         Harm     .   (no gloves)
MR       .....                  (boots unavailable)
Stlth    ..........             f - amulet of regeneration
HPRegen  0.54/turn              l - +5 ring of slaying
MPRegen  0.12/turn              v - +2 ring of strength

@: brilliant, berserking, stab, very quick
A: beak, talons 3, able to fly
a: Fly


You were on level 3 of the Dungeon.
You were not hungry.

You visited 1 branch of the dungeon, and saw 4 of its levels.

You collected 151 gold pieces.

Inventory:

Hand Weapons
 j - a +0 mace (weapon)
Armour
 a - a +1 robe (worn)
Jewellery
 f - an amulet of regeneration (around neck)
 l - a +5 ring of slaying (left hand)
 r - an uncursed amulet of guardian spirit
 v - a +2 ring of strength (right hand)
Wands
 s - a wand of acid (7)
 u - a wand of polymorph (7)
Scrolls
 e - 2 scrolls of fear
 g - 3 scrolls of teleportation
Potions
 b - a potion of brilliance
 h - a potion of berserk rage
 i - a potion of resistance {unknown}
 k - a potion of heal wounds {unknown}
 n - a potion of degeneration {unknown}
 o - a potion of mutation {unknown}
 t - a potion of curing {unknown}
Comestibles
 c - 5 rations


   Skills:
 - Level 2.1 Dodging
 - Level 2.0 Stealth
 + Level 3.0 Spellcasting
 * Level 5.0 Conjurations
 + Level 5.2 Air Magic


You had 2 spell levels left.
You knew the following spells:

 Your Spells              Type           Power        Failure   Level  Hunger
a - Shock                 Conj/Air       ####         2%          1    None
b - Static Discharge      Conj/Air       ####....     6%          3    None
c - Airstrike             Air            ####......   21%         4    None

Your spell library contained the following spells:

 Spells                   Type           Power        Failure   Level  Hunger
 Swiftness                Chrm/Air       ###.....     9%          2    None
 Lightning Bolt           Conj/Air       ####......   52%         5    None


Dungeon Overview and Level Annotations

Branches:
Dungeon (4/15)
 Temple: D:4-7

Altars:
Qazlal
Xom


Innate Abilities, Weirdness & Mutations

You have a beak for a mouth.
You have claws for feet.
You can fly continuously.


Message History

The puff of flame hits you!
* * * LOW HITPOINT WARNING * * *
The orc hits you.
* * * LOW HITPOINT WARNING * * *
Something hits you but does no damage.
It was a potion of brilliance.
You feel clever all of a sudden. The orc completely misses you.
Something hits you.
* * * LOW HITPOINT WARNING * * *
It was a potion of stabbing.
You feel ready to backstab. The orc misses you.
Something hits you but does no damage.
It was a potion of berserk rage.
A red film seems to cover your vision as you go berserk!
You feel yourself moving faster!
You feel mighty! The orc hits you but does no damage.
You hear some strange, mumbled words.
A magic dart appears from out of thin air!
The magic dart hits you.
You die...

#....#..#.#
#............. #####
#.####..#.#
#............. ....#
##.####....#
#....#####.... ....#
#.....#.#..# #....# #....
....# #.....#.#..# #....#
#..(.
#######.....#.#..###....#
#....
............#...>[......#
#...)
............####........#
#.... ............#
#@{...#### #....
.........#### #.o...#
#.... .......#.# #.....#
#.... ########.# #.....#
##### # #.# #######
###### #.# ##...# #.#
##.#.###.# .........#


You could see an orc.

Vanquished Creatures
  2 orc wizards (D:3)
  4 adders
  2 oozes
  A dart slug (D:2)
  9 orcs (D:3)
  11 bats
  4 giant cockroaches
  3 goblins
  A hobgoblin (D:1)
  3 jackals (D:1)
  12 kobolds
  7 frilled lizards
  5 rats
64 creatures vanquished.

Notes
Turn   | Place    | Note
-------+----------+-------------------------------------------
     0 | D:1      | kae the Tengu Air Elementalist began the quest for the Orb.
     0 | D:1      | Reached XP level 1. HP: 10/10 MP: 4/4
    61 | D:1      | Reached XP level 2. HP: 2/15 MP: 0/6
   825 | D:1      | Reached XP level 3. HP: 19/19 MP: 5/7
  1123 | D:2      | Noticed an ogre
  1357 | D:2      | Found a shimmering altar of Xom.
  1474 | D:2      | Found a stormy altar of Qazlal.
  1570 | D:2      | Reached XP level 4. HP: 24/24 MP: 2/8
  1634 | D:2      | Learned a level 3 spell: Static Discharge
  1639 | D:2      | Learned a level 4 spell: Airstrike
  2423 | D:3      | Reached skill level 5 in Air Magic
  2423 | D:3      | Gained mutation: You can fly continuously. [Tengu growth]
  2423 | D:3      | Reached XP level 5. HP: 11/28 MP: 0/10
  2799 | D:3      | Reached skill level 5 in Conjurations
  2849 | D:3      | Killed from afar by an orc wizard

Levels and vault maps discovered:
D:1:      giann_bridges, layout_loops_ring, grunt_decor_cap, st_stairs_13
D:2:      layout_basic, grunt_qazlal_clouds, tgw_xom
D:3:      layout_basic, wad_rectangle_vault
D:4:      layout_basic, first_ration

Skill      XL: |  1  2  3  4  5 |
---------------+----------------+-----
Conjurations   | 2 3 4 5 |  5.0
Air Magic      | 5 |  5.2
Spellcasting   | 3 |  3.0
Dodging        | |  2.1
Stealth        | |  2.0

Action                   |  1- 3 |  4- 6 || total
-------------------------+-------+-------++-------
Melee: Unarmed           |    19 |       ||    19
       Kick              |     5 |     1 ||     6
       Peck              |     3 |       ||     3
       Mace              |    11 |     7 ||    18
 Cast: Shock             |    65 |    53 ||   118
  Use: Scroll            |     3 |     4 ||     7
       Potion            |       |     3 ||     3
  Eat: Chunk             |     3 |     4 ||     7
Armor: Robe              |     5 |     8 ||    13
Dodge: Dodged            |    23 |    32 ||    55

Table legend:
 A = Non-vault XP
 B = Vault XP
 C = Vault XP percentage of total XP
 D = Non-vault monster count
 E = Vault monster count
 F = Vault count percentage of total count
                 A         B        C        D         E       F
            +---------+---------+-------+---------+---------+-------
      Total |     232 |      13 |   5.3 |      57 |       7 |  10.9
            +---------+---------+-------+---------+---------+-------
        D:1 |      32 |       2 |   5.9 |      16 |       1 |   5.9
        D:2 |      63 |       0 |   0.0 |      23 |       0 |   0.0
        D:3 |     137 |      11 |   7.4 |      18 |       6 |  25.0
            +---------+---------+-------+---------+---------+-------
